 Dungeon Sprint DCSS version 0.22-a0-558-gc224181 (webtiles) character file.

13865 raistware the Spry (level 12, -5/84 HPs)
             Began as a Kobold Berserker on June 27, 2018.
             Was a High Priest of Trog.
             Killed from afar by a frost giant (40 damage)
             ... with a bolt of cold
             ... in the Dungeon (Sprint IX: "|||||||||||||||||||||||||||||").
             The game lasted 00:14:32 (1878 turns).

raistware the Spry (Kobold Berserker)               Turns: 1878, Time: 00:14:33

Health: -5/84      AC: 26    Str: 19    XL:     12   Next: 38%
Magic:  12/12      EV: 25    Int: 12    God:    Trog [*****.]
Gold:   1307       SH:  0    Dex: 17    Spells: 11/11 levels left

rFire    . . .     SeeInvis .   y - +3 trident (protect)
rCold    . . .     Gourm    .   (shield currently unavailable)
rNeg     + . .     Faith    .   p - +3 scale mail
rPois    .         Spirit   .   A - +2 hat {MR+}
rElec    .         Reflect  .   z - +0 cloak
rCorr    .         Harm     .   E - +1 pair of gloves
MR       ++++.     Clarity  +   o - +0 pair of boots Stlth ..........NoTele +
                                C - amulet of the Four Winds {rN+ MR+++ Clar}
HPRegen  0.24/turn              r - +3 ring of intelligence
MPRegen  0.13/turn              s - +3 ring of dexterity

@: protection aura, berserk cooldown, very slightly contaminated, hasted, very
quick
A: small, carnivore
a: Berserk, Trog's Hand, Brothers in Arms, Renounce Religion


You were in the Dungeon.
You worshipped Trog.
Trog was extremely pleased with you.
You were full.

You visited 1 branch You collected 1900 gold pieces.
You spent 593 gold pieces at shops.

Inventory:

Hand Weapons
 n - a +4 quarterstaff of speed
 t - a +6 antimagic long sword
 y - a +3 trident of protection (weapon)
Armour
 o - a +0 pair of boots (worn)
 p - a +3 scale mail (worn)
 z - a +0 cloak (worn)
 A - a +2 hat of magic resistance (worn)
 E - a +1 pair of gloves (worn)
Jewellery
 b - an uncursed ring of protection from cold
 r - a +3 ring of intelligence (left hand)
 s - a +3 ring of dexterity (right hand)
 C - the amulet of the Four Winds (around neck) {rN+ MR+++ Clar}
   (You bought it in a shop in the Dungeon)

   [amulet of nothing]

   It protects you from negative energy.
   It affects your resistance to hostile enchantments.
   It protects you against confusion.
 D - an uncursed ring of protection from magic
Wands
 m - a wand of iceblast (6)
Scrolls
 a - a scroll of magic mapping
 i - 2 scrolls of blinking
 l - 4 scrolls of remove curse
 v - 7 scrolls of enchant armour
 w - a scroll of fear
 B - 5 scrolls of enchant weapon
 F - a scroll of identify
Potions
 d - 7 potions of curing
 e - 3 potions of heal wounds
 g - 4 potions of magic
 h - a potion of berserk rage
 j - 2 potions of agility
 q - a potion of mutation
 u - 2 potions of resistance
Comestibles
 c - 11 rations


   Skills:
 + Level 13.4 Fighting
 + Level 10.3 Long Blades
 + Level 13.1 Polearms
 + Level 10.4 Armour
 + Level 17.4 Dodging


You had 11 spell levels left.
You didn't know any spells.
Your spell library was empty.

Dungeon Overview and Level Annotations

Branches:
Dungeon (1/1)

Altars:
Cheibriados
Dithmenos
Elyvilon
Fedhas
Gozag
Hepliaklqana
Kikubaaqudgha
Makhleb
Nemelex Xobeh
Okawaru
Qazlal
Ru
Sif Muna
Trog
Uskayaw
Vehumet
Wu Jian
Xom
Yredelemnul
Zin
The Shining One
Beogh
Jiyva
Lugonu

Shops:
D (?:=


Innate Abilities, Weirdness & Mutations

You are small and have problems with some larger weapons.
You are carnivorous and can eat meat at any time.


Message History

You puncture the frost giant!
The frost giant is lightly wounded.
You impale the frost giant!!
The frost giant is moderately wounded.
The frost giant points at you and mumbles some strange words.
The bolt of cold hits you!
You puncture the frost giant!
The frost giant is moderately wounded.
You hit the frost giant but do no damage.
The frost giant is moderately wounded.
You hit the frost giant.
The frost giant is moderately wounded.
The frost giant barely misses you.
You hit the frost giant but do no damage.
The frost giant is moderately wounded.
You hit the frost giant.
The frost giant is heavily wounded.
The frost giant points at you and mumbles some strange words.
The bolt of cold hits you!
You die...

........'.........'........).)['.
▓▓▓▓▓▓▓▓▓▓▓▓▓▓▓▓▓▓▓▓▓▓▓▓▓▓▓▓▓▓▓▓▓
...................)(..(.........
▓▓▓▓▓▓▓▓▓▓▓▓▓▓▓▓▓▓▓▓▓▓▓▓▓▓▓▓▓▓▓▓▓
...))))))[)....).÷[....∩.∩.∩.∩...
▓▓▓▓▓▓▓▓▓▓▓▓▓▓▓▓▓▓▓▓▓▓▓▓▓▓▓▓▓▓▓▓▓
.................................
▓▓▓▓▓▓▓▓▓▓▓▓▓▓▓▓▓▓▓▓▓▓▓▓▓▓▓▓▓▓▓▓▓
.[[[[[[[[......%@CFQ*(..Q..
▓▓▓▓▓▓▓▓▓▓▓▓▓▓▓▓▓▓▓▓▓▓▓▓▓▓▓


You could see a frost giant, a tengu conjurer, a bullfrog and a battlesphere.

Vanquished Creatures
  Gastronok (D)
  A deep troll (D)
  An ugly thing (D)
  An orc sorcerer (D)
  2 black mambas (D)
  3 spiny frogs (D)
  A freezing wraith (D)
  A polar bear (D)
  A troll (D)
  A blink frog (D)
  A basilisk (D)
  A wraith (D)
  A vampire mosquito (D)
  2 yaks (D)
  2 water moccasins (D)
  A sky beast (D)
  2 porcupines (D)
  An ice beast (D)
  8 orc warriors (D)
  A wolf (D)
  A centaur (D)
  3 crocodiles (D)
  8 bullfrogs (D)
  A killer bee (D)
  A wight (D)
  A hound (D)
  A jelly (D)
  3 orc priests (D)
  2 orc wizards (D)
  A worker ant (D)
  A dart slug (D)
  3 orcs (D)
  2 giant cockroaches (D)
  3 bats (D)
  A frilled lizard (D)
  A jackal skeleton (D)
66 creatures vanquished.

Vanquished Creatures (collateral kills)
  A fire giant (D)
  2 stone giants (D)
  2 ettins (D)
  A centaur warrior (D)
  A death knight (D)
  Urug (D)
  An iron troll (D)
  3 deep trolls (D)
  6 trolls (D)
  A porcupine (D)
  3 orc warriors (D)
  A bullfrog (D)
  4 orc wizards (D)
  6 orcs (D)
33 creatures vanquished.

Grand Total: 99 creatures vanquished

Notes
Turn   | Place    | Note
-------+----------+-------------------------------------------
     0 | D        | raistware the Kobold Berserker began the quest for the Orb.
     0 | D        | Reached XP level 1. HP: 14/14 MP: 1/1
     8 | D        | Reached ** piety under Trog
     8 | D        | Reached skill level 3 in Dodging
    19 | D        | Reached XP level 2. HP: 13/19 MP: 2/2
   121 | D        | Reached *** piety under Trog
   133 | D        | Reached skill level 4 in Dodging
   133 | D        | Reached XP level 3. HP: 18/23 MP: 3/3
   148 | D        | Found a roughly hewn altar of Beogh.
   148 | D        | Found a snail-covered altar of Cheibriados.
   148 | D        | Found a shadowy altar of Dithmenos.
   148 | D        | Found a white marble altar of Elyvilon.
   148 | D        | Found a blossoming altar of Fedhas.
   148 | D        | Found an opulent altar of Gozag.
   149 | D        | Found a hazy altar of Hepliaklqana.
   150 | D        | Found a viscous altar of Jiyva.
   151 | D        | Found an ancient bone altar of Kikubaaqudgha.
   152 | D        | Found a corrupted altar of Lugonu.
   153 | D        | Found a burning altar of Makhleb.
   154 | D        | Found a sparkling altar of Nemelex Xobeh.
   155 | D        | Found an iron altar of Okawaru.
   156 | D        | Found a stormy altar of Qazlal.
   157 | D        | Found a sacrificial altar of Ru.
   158 | D        | Found a deep blue altar of Sif Muna.
   159 | D        | Found a bloodstained altar of Trog.
   160 | D        | Found a hide-covered altar of Uskayaw.
   161 | D        | Found a radiant altar of Vehumet.
   162 | D        | Found an ornate altar of the Wu Jian Council.
   163 | D        | Found a shimmering altar of Xom.
   164 | D        | Found a basalt altar of Yredelemnul.
   165 | D        | Found a glowing silver altar of Zin.
   166 | D        | Found a glowing golden altar of the Shining One.
   216 | D        | Noticed a centaur
   216 | D        | Noticed a killer bee
   216 | D        | Noticed a yak
   216 | D        | Noticed a yak
   216 | D        | Noticed a sky beast
   218 | D        | Killed a centaur
   218 | D        | Reached skill level 6 in Dodging
   218 | D        | Reached XP level 4. HP: 19/28 MP: 4/4
   218 | D        | Reached XP level 5. HP: 22/32 MP: 5/5
   218 | D        | Reached **** piety under Trog
   218 | D        | Reached skill level 7 in Dodging
   223 | D        | Reached skill level 8 in Dodging
   227 | D        | Killed a yak
   227 | D        | Reached skill level 9 in Dodging
   227 | D        | Reached XP level 6. HP: 37/37 MP: 6/6
   239 | D        | Killed a yak
   239 | D        | Reached skill level 10 in Polearms
   239 | D        | Reached skill level 10 in Dodging
   239 | D        | Reached XP level 7. HP: 41/41 MP: 7/7
   298 | D        | Noticed a wraith
   301 | D        | Reached ***** piety under Trog
   306 | D        | Received a gift from Trog
   309 | D        | Reached skill level 11 in Dodging
   394 | D        | Killed a wraith
   394 | D        | Reached XP level 8. HP: 42/46 MP: 8/8
   533 | D        | Noticed a black mamba
   533 | D        | Noticed a spiny frog
   535 | D        | Noticed a polar bear
   541 | D        | Killed a black mamba
   541 | D        | Reached skill level 1 in Long Blades
   541 | D        | Reached skill level 12 in Dodging
   556 | D        | Killed a spiny frog
   556 | D        | Received a gift from Trog
   556 | D        | Reached skill level 5 in Fighting
   556 | D        | Reached XP level 9. HP: 32/55 MP: 9/9
   609 | D        | Killed a polar bear
   631 | D        | Reached skill level 13 in Dodging
   651 | D        | Got a smoking rapier {god gift}
   652 | D        | Identified the +1 rapier of the Distant Future {drain, rC- MP-9 Int+8 Dex+10} (Trog gifted it to you in the Dungeon)
   729 | D        | Noticed a black mamba
   738 | D        | Reached skill level 5 in Armour
   928 | D        | Reached skill level 5 in Long Blades
   992 | D        | Received a gift from Trog
  1025 | D        | Killed a black mamba
  1025 | D        | Reached XP level 10. HP: 60/64 MP: 10/10
  1060 | D        | Reached skill level 14 in Dodging
  1092 | D        | Noticed a spiny frog
  1093 | D        | Noticed a spiny frog
  1140 | D        | Received a gift from Trog
  1156 | D        | Killed a spiny frog
  1163 | D        | Killed a spiny frog
  1235 | D        | Noticed Gastronok
  1253 | D        | Killed Gastronok
  1253 | D        | Reached skill level 10 in Fighting
  1253 | D        | Reached skill level 15 in Dodging
  1253 | D        | Reached XP level 11. HP: 73/73 MP: 11/11
  1267 | D        | Noticed Urug
  1275 | D        | Killed Urug
  1335 | D        | Noticed an ettin
  1339 | D        | Killed an ettin
  1340 | D        | Received a gift from Trog
  1360 | D        | Received a gift from Trog
  1393 | D        | Noticed an orc sorcerer
  1406 | D        | Killed an orc sorcerer
  1406 | D        | Received a gift from Trog
  1412 | D        | Reached skill level 16 in Dodging
  1422 | D        | Reached ****** piety under Trog
  1425 | D        | Received a gift from Trog
  1492 | D        | Found Bawi's Antique Weapon Emporium.
  1492 | D        | Noticed an iron troll
  1492 | D        | Noticed a deep troll
  1492 | D        | Noticed a deep troll
  1496 | D        | Killed an iron troll
  1496 | D        | Received a gift from Trog
  1499 | D        | Killed a deep troll
  1503 | D        | Killed a deep troll
  1504 | D        | Noticed a deep troll
  1516 | D        | Killed a deep troll
  1518 | D        | Found Wuvoosk's Magic Scroll Shoppe.
  1530 | D        | Found Wociullu's Book Emporium.
  1532 | D        | Noticed a deep troll
  1533 | D        | Found Peennos's Jewellery Shoppe.
  1539 | D        | Killed a deep troll
  1542 | D        | Noticed an ettin
  1554 | D        | Received a gift from Trog
  1562 | D        | Killed an ettin
  1604 | D        | Bought a scroll of magic mapping for 49 gold pieces
  1604 | D        | Bought a scroll of enchant weapon for 105 gold pieces
  1612 | D        | Bought the amulet of the Four Winds {rN+ MR+++ Clar} for 439 gold pieces
  1612 | D        | Found the amulet of the Four Winds {rN+ MR+++ Clar}
  1733 | D        | Found the +3 robe of Clouds {+Fly rElec}
  1792 | D        | Noticed a green ugly thing
  1800 | D        | Noticed a death knight
  1803 | D        | Killed a green ugly thing
  1803 | D        | Reached XP level 12. HP: 82/82 MP: 12/12
  1810 | D        | Noticed a centaur warrior
  1817 | D        | Reached skill level 10 in Armour
  1818 | D        | Noticed a stone giant
  1827 | D        | Killed a death knight
  1827 | D        | Reached skill level 17 in Dodging
  1829 | D        | Noticed a fire giant
  1831 | D        | Killed a centaur warrior
  1831 | D        | Reached skill level 10 in Long Blades
  1832 | D        | Noticed a stone giant
  1851 | D        | Noticed a frost giant
  1858 | D        | Killed a stone giant
  1860 | D        | Killed a fire giant
  1868 | D        | Killed a stone giant
  1878 | D        | Killed from afar by a frost giant

Vault maps used:
D:        linesprint

Skill      XL: |  1  2  3  4  5  6  7  8  9 10 11 12 |
---------------+-------------------------------------+-----
Polearms       | 3 4 6 9 10 11 12 13 | 13.1
Dodging        | 3 4 6 9 10 11 12 13 15 16 17 | 17.4
Fighting       | 5 8 10 12 13 | 13.4
Long Blades    | 3 5 8 9 10 | 10.3
Armour         | 3 6 8 9 10 | 10.4

Action                   |  1- 3 |  4- 6 |  7- 9 | 10-12 || total
-------------------------+-------+-------+-------+-------++-------
Melee: Spear             |    31 |    18 |   282 |    77 ||   408
       Trident           |       |       |       |   172 ||   172
Invok: Trog's Hand       |     1 |     1 |     8 |     9 ||    19
       Berserk           |     1 |     1 |     4 |     4 ||    10
       Brothers in Arms  |       |       |     1 |    10 ||    11
Evoke: Wand              |     1 |     1 |       |     2 ||     4
  Use: Potion            |       |       |     3 |     4 ||     7
       Scroll            |       |       |     1 |       ||     1
 Stab: Invisible         |       |       |       |     4 ||     4
  Eat: Chunk             |     4 |       |    11 |    15 ||    30
Armor: Animal skin       |     5 |       |       |       ||     5
       Ring mail         |       |       |    36 |    18 ||    54
       Scale mail        |       |       |       |     4 ||     4
Dodge: Dodged            |    21 |     5 |   182 |   144 ||   352

Table legend:
 A = Spawn XP
 B = Non-spawn XP
 C = Spawn XP percentage of total XP
 D = Spawn monster count
 E = Non-spawn monster count
 F = Spawn count percentage of total count
 G = Total turns spent on level
                    A         B        C        D         E        F      G
               +---------+---------+-------+---------+---------+-------+---------
         Total |       0 |   19808 |   0.0 |       0 |      99 |   0.0 |  1878
               +---------+---------+-------+---------+---------+-------+---------
             D |       0 |   19808 |   0.0 |       0 |      99 |   0.0 |  1878
               +---------+---------+-------+---------+---------+-------+---------
